 Dungeon Crawl Stone Soup version 0.29.1-12-g30fa7ad0bf (webtiles) character file.

Game seed: 14981565851056759116

34 melloss the Sneak (level 3, -11/16 HPs)
             Began as a Spriggan Enchanter on Dec 16, 2022.
             Mangled by Sigmund
             ... wielding a +0 scythe
              (12 damage)
             ... on level 1 of the Dungeon.
             The game lasted 00:08:40 (2142 turns).

melloss the Sneak (Spriggan Enchanter)              Turns: 2142, Time: 00:08:41

Health: -11/16     AC:  2    Str:  6    XL:     3   Next: 14%
Magic:  4/8        EV: 18    Int: 16    God:
Gold:   59         SH:  0    Dex: 15    Spells: 5/7 levels left

rFire   . . .      SeeInvis +   k - +2 short sword (flame)
rCold   . . .      Faith    .   (no shield)
rNeg    . . .      Spirit   .   b - +0 robe
rPois   .          Reflect  .   (helmet restricted)
rElec   .          Harm     .   (no cloak)
rCorr   .          Rampage  .   (gloves unavailable)
Will    .....                   (boots unavailable)
Stlth   +++.......              (no amulet)
HPRegen 0.05/turn               (no ring)
MPRegen 0.11/turn               (no ring)

@: very slightly contaminated, very quick
A: very small, no large weapons, unfitting armour, see invisible, speed 3
a: no special abilities


You were on level 1 of the Dungeon.
You visited 1 branch of the dungeon, and saw 2 of its levels.

You collected 59 gold pieces.

Inventory:

Hand Weapons
 a - a +1 dagger
 k - a +2 short sword of flaming (weapon)
Missiles
 j - 3 poisoned darts (quivered)
Armour
 b - a +0 robe (worn)
Scrolls
 d - a scroll of magic mapping {unknown}
 g - a scroll of identify
 h - a scroll of vulnerability {unknown}
Potions
 c - 2 potions of invisibility
 e - 2 potions of heal wounds {unknown}
 f - 2 potions of ambrosia {unknown}
 i - a potion of curing
 l - 2 potions of attraction {unknown}


   Skills:
 - Level 1.1 Short Blades
 + Level 4.5 Dodging
 - Level 5.0 Stealth
 - Level 2.6 Spellcasting
 - Level 3.6 Hexes


You had 5 spell levels left.
You knew the following spells:

 Your Spells              Type           Power      Damage    Failure   Level
a - Ensorcelled Hibernat  Hex/Ice        14%        N/A       14%         2

Your spell library contained the following spells:

 Spells                   Type           Power      Damage    Failure   Level
 Confusing Touch          Hex            13%        N/A       13%         3
 Tukima's Dance           Hex            13%        N/A       13%         3
 Dazzling Flash           Conj/Hex       14%        N/A       28%         3


Dungeon Overview and Level Annotations

Branches:
Dungeon (2/15)

Altars:

Annotations:
D:1 Sigmund


Innate Abilities, Weirdness & Mutations

You are very small and have problems with some larger weapons.
You are too small for most types of armour.
You have supernaturally acute eyesight. (SInv)
You cover ground extremely quickly. (Speed+++)


Message History

Press: ? - help, Shift-Dir - straight line, f - Sigmund
Aim: Sigmund, wielding a +0 scythe and wearing a +2 robe of resistance (slightly transparent, not susceptible)
You miscast Ensorcelled Hibernation.
You are very lightly contaminated with residual magic.
Nothing appears to happen.
Sigmund barely misses you.
Casting: Ensorcelled Hibernation (safe; 14% risk of failure)
Confirm with . or Enter, or press ? or * to list all spells.
Aiming: Ensorcelled Hibernation (safe; 14% risk of failure)
Press: ? - help, Shift-Dir - straight line, f - you, p - Sigmund That would be overly suicidal.
Okay, then.
Casting: Ensorcelled Hibernation (safe; 14% risk of failure)
Confirm with . or Enter, or press ? or * to list all spells.
Aiming: Ensorcelled Hibernation (safe; 14% risk of failure)
Press: ? - help, Shift-Dir - straight line, f - Sigmund
Aim: Sigmund, wielding a +0 scythe and wearing a +2 robe of resistance (slightly transparent, not susceptible)
You miscast Ensorcelled Hibernation.
Nothing appears to happen.
Sigmund points at you and mumbles some strange words.
The magic dart hits you. Sigmund misses you.
You climb upwards.
There is a stone staircase leading down here.
You climb downwards.
There is a stone staircase leading up here.
Sigmund says, "Don't worry, I'll kill you fast."
Sigmund gestures at you while chanting. You resist with some effort.
The goblin barely misses you.
You climb upwards.
There is a stone staircase leading down here.
You closely miss Sigmund. Sigmund misses you. The goblin closely misses you.
You hit the goblin. You burn the goblin.
The goblin is severely wounded.
The goblin closely misses you. Sigmund hits you with a +0 scythe!
Ouch! That really hurt!
* * * LOW HITPOINT WARNING * * *
You hit the goblin. You burn the goblin.
You kill the goblin!
Sigmund hits you from afar with a +0 scythe!
Ouch! That really hurt!
You die...

...######.####.#.#
#.#
#+#.........##.#.#
#.#
.......##.#.##.#.#
#.#
.......##.#.##.#.#
#.#
.......##.#.##.#.#
#.#
#'#+#####.#.##.#.#
#.# ......#
#.#.##.#.# #.#
......# #.#.##.#.#
#.# ......#
#.#.##.#@# #.#
......###.#.#..#>#
#.#
###.......#.#.##@#
#.#
########.......#.#
#.#
....#.....#.#..#.#
#.#
....#.##..#.#..#.#
#.#
....#.##..#.#..#.#
#.#
###.#.##..#.#..#.#
#.#
#.#.##..#.#....#
#.#


You could see Sigmund (invisible).

Vanquished Creatures
  2 endoplasms (D:1)
  3 goblins (D:1)
  3 hobgoblins (D:1)
  8 kobolds
  5 quokkas (D:1)
  4 bats (D:1)
  3 frilled lizards (D:1)
  2 rats (D:1)
30 creatures vanquished.

Notes
Turn   | Place    | Note
-------+----------+-------------------------------------------
     0 | D:1      | melloss the Spriggan Enchanter began the quest for the Orb.
     0 | D:1      | Reached XP level 1. HP: 9/9 MP: 5/5
   426 | D:1      | Reached XP level 2. HP: 10/13 MP: 6/6
   429 | D:1      | Learned a level 2 spell: Ensorcelled Hibernation
   458 | D:1      | Reached skill level 5 in Stealth
  1272 | D:1      | Found a faded altar of an unknown god.
  1415 | D:1      | Reached XP level 3. HP: 16/16 MP: 0/8
  1948 | D:2      | Noticed Sigmund
  2142 | D:1      | Mangled by Sigmund

Illustrated notes

Levels and vault maps discovered:
D:1:      lightli_arrival_farm, layout_basic, chequers_ecumenical_altar_simple
D:2:      layout_rooms, basic_altar, uniq_natasha, uniq_crazy_yiuf_cottage,
          uniq_sigmund

Skill      XL: |  1  2 |
---------------+-------+-----
Dodging        | 3 4 |  4.5
Stealth        | 5 |  5.0
Short Blades   | |  1.1
Spellcasting   | |  2.6
Hexes          | |  3.6

Action                   || total
-------------------------++-------
Melee: Dagger            ||    57
       Short sword       ||    13
Throw: Dart              ||     3
 Cast: Ensorcelled Hiber ||    17
  Use: Scroll            ||     1
       Potion            ||     1
 Stab: Sleeping          ||    17
Armor: Robe              ||     6
Dodge: Dodged            ||    68
